Map: 大气2000-天梯版

Players

goodgamebro - Winner!

  • Race: Protoss Protoss
  • League: Master

Danilix

  • Race: Terran Terran
  • League: Master

VOD

Have the link to the VOD?

Description

Time

  • Played on: Nov. 26, 2021, 7:44 a.m.
  • Length: 7:56
Show
View Real Time Build Order
Export as new Build Order

goodgamebro Protoss - Winner!

Build Orders: 1 Gate Expand, Blink Stalkers 

Get SALT Encoding   

  12  0:00  Probe  
  13  0:12  Probe  
  14  0:19  Pylon  
  14  0:25  Probe (Chrono Boost)  
  15  0:38  Gateway  
  15  0:39  Probe (Chrono Boost)  
  16  0:44  Probe (Chrono Boost)  
  16  0:48  Assimilator  
  17  0:55  Probe  
  18  1:07  Probe  
  19  1:25  Nexus  
  19  1:32  Cybernetics Core  
  19  1:35  Probe  
  20  1:41  Assimilator  
  20  1:47  Probe  
  20  1:49  Pylon  
  21  1:59  Probe (Chrono Boost)  
  22  2:09  Warp Gate  
  22  2:10  Probe (Chrono Boost)  
  22  2:15  Probe (Chrono Boost)  
  23  2:18  Twilight Council  
  24  2:25  Probe (Chrono Boost)  
  24  2:26  Stalker  
  28  2:37  Probe (Chrono Boost)  
  28  2:41  Probe (Chrono Boost)  
  28  2:42  Probe (Chrono Boost)  
  30  2:46  Blink (Chrono Boost)  
  30  2:47  Pylon  
  30  2:50  Probe  
  31  2:57  Probe  
  32  3:06  Gateway  
  32  3:12  Gateway  
  32  3:17  Stalker  
  32  3:19  Probe  
  34  3:21  Probe  
  35  3:27  Shield Battery  
  35  3:34  Robotics Facility  
  35  3:37  Probe  
  35  3:38  Probe  
  37  3:49  Probe  
  37  3:53  Probe  
  39  3:58  Pylon, Stalker  
  39  4:02  Probe  
  42  4:04  Stalker  
  42  4:07  Probe  
  42  4:08  Stalker  
  47  4:13  Pylon  
  47  4:14  Probe  
  46  4:25  Stalker  
  46  4:27  Stalker  
  48  4:40  Stalker  
  50  4:49  Stalker  
  50  4:50  Warp Prism (Chrono Boost), Probe x2  
  54  4:53  Assimilator  
  54  4:55  Stalker  
  54  4:57  Assimilator  
  58  5:00  Pylon  
  58  5:02  Probe  
  58  5:04  Stalker  
  61  5:25  Stalker x2  
  65  5:29  Probe x2  
  67  5:41  Probe x2  
  69  5:43  Pylon  
  69  5:44  Stalker, Nexus  
  69  5:48  Stalker x2  
  75  5:52  Pylon  
  75  6:02  Probe  
  75  6:07  Robotics Bay  
  75  6:09  Forge  
  75  6:11  Dark Shrine  
  75  6:13  Adept x2  
  75  6:14  Adept  
  75  6:18  Observer  
  71  6:41  Stalker x3  
  71  6:44  Gateway  
  71  6:46  Gateway  
  71  6:47  Gateway  
  77  6:49  Probe x2  
  79  7:14  Probe x2  
  81  7:19  Probe  
  81  7:21  Shield Battery  
  82  7:23  Photon Cannon  
  82  7:26  Probe x2  
  90  7:34  Dark Templar  
  90  7:36  Zealot x2  
  96  7:40  Pylon, Probe  
  96  7:41  Probe x2  
  97  7:48  Pylon  
Show
View Real Time Build Order
Export as new Build Order

Danilix Terran 

Build Orders:  

Get SALT Encoding   

  12  0:00  SCV  
  13  0:12  SCV  
  14  0:17  Supply Depot  
  14  0:24  SCV  
  15  0:38  SCV  
  15  0:41  Barracks  
  16  0:44  Refinery  
  16  0:51  SCV  
  17  1:03  SCV  
  18  1:15  SCV  
  19  1:30  Barracks Reactor  
  19  1:31  Orbital Command  
  19  1:49  Command Center  
  19  1:59  SCV  
  20  2:07  Supply Depot  
  20  2:09  Marine x2  
  20  2:12  SCV  
  23  2:23  Factory  
  23  2:28  Marine x2, SCV  
  26  2:36  Barracks  
  26  2:41  SCV  
  27  2:47  Marine x2  
  29  2:53  SCV  
  30  3:06  Factory Tech Lab, Marine x2  
  30  3:08  Orbital Command  
  30  3:09  SCV  
  33  3:21  SCV  
  33  3:23  Marine  
  33  3:24  Cyclone, Marine x2  
  40  3:33  Refinery, SCV, Supply Depot  
  41  3:34  SCV  
  42  3:45  Barracks, SCV  
  42  3:46  SCV  
  42  3:48  Marine x2  
  45  3:52  Supply Depot  
  46  3:58  SCV  
  46  4:02  Marine  
  47  4:04  Factory Tech Lab  
  47  4:08  SCV  
  49  4:10  Marine x2, SCV  
  49  4:12  Supply Depot  
  49  4:16  Stimpack  
  51  4:20  SCV  
  51  4:24  Marauder  
  54  4:28  SCV  
  54  4:30  Starport  
  54  4:33  SCV  
  51  4:40  SCV  
  51  4:45  Bunker, Barracks Tech Lab  
  47  4:47  SCV  
  47  4:48  Marine  
  47  4:49  Marine, Marauder  
  49  4:53  Siege Tank  
  49  4:54  SCV  
  49  4:56  Engineering Bay  
  53  5:03  Bunker  
  53  5:04  Combat Shield  
  53  5:05  Marine  
  53  5:06  Marine, SCV  
  46  5:22  Marine, Marauder  
  46  5:23  Marine, SCV  
  46  5:25  SCV  
  49  5:35  SCV  
  50  5:37  Terran Infantry Weapons Level 1, SCV  
  50  5:39  Starport Reactor  
  50  5:41  Marine x2  
  55  5:43  Marauder  
  55  5:47  SCV  
  55  5:49  Marine, SCV  
  58  5:54  Refinery  
  58  6:01  Marine x2  
  58  6:03  SCV x2  
  62  6:07  Refinery, Supply Depot  
  62  6:10  Marauder x2  
  66  6:14  Concussive Shells  
  66  6:15  SCV  
  66  6:18  Medivac  
  69  6:23  SCV  
  59  6:34  Marine x2  
  59  6:35  SCV, Marauder x2  
  59  6:42  Medivac  
  59  6:43  SCV  
  62  6:47  SCV  
  62  6:52  Marine x2  
  65  6:56  Marine, Supply Depot  
  61  7:14  SCV  
  62  7:17  Siege Tank, SCV  
  62  7:18  Marauder x2  
  70  7:28  Supply Depot  
  70  7:29  Supply Depot  
  70  7:42  SCV  
Tags
 
Add a new tag
Caveats
  • Supply blocks, unpowered buildings, or Contaminate may cause inaccurate times.
  • Supply counts are checked every 10 seconds.